 Dungeon Crawl Stone Soup version 0.31-a0-549-gf98fd537a9 (webtiles) character file.

Game seed: 9823726344594366984

2368 AdnanSaban the Basher (level 9, -3/56 HPs)
             Began as a Gargoyle Fighter on Aug 16, 2023.
             Was a Believer of Okawaru.
             Slain by a basilisk (10 damage)
             ... on level 9 of the Dungeon.
             The game lasted 00:07:38 (7124 turns).

AdnanSaban the Basher (Gargoyle Fighter)            Turns: 7124, Time: 00:07:40

Health: -3/56      AC: 16    Str: 24    XL:     9   Next: 44%
Magic:  9/9        EV: 10    Int:  9    God:    Okawaru [**....]
Gold:   382        SH:  4    Dex:  9    Spells: 8/8 levels left

rFire   . . .        G - +1 flail
rCold   . . .        c - +0 buckler
rNeg    + . .        b - +0 scale mail
rPois   ∞            r - +0 helmet
rElec   +            (no cloak)
rCorr   .            a - +0 pair of gloves
SInv    .            (no boots)
Will    .....        (no amulet) Stlth
                     (no ring)
HPRegen 0.29/turn    (no ring)
MPRegen 0.11/turn

%: no passive effects
@: no status effects
A: sickness immunity, AC +6, negative energy resistance 1, electricity
resistance, torment resistance 1, petrification resistance
a: Renounce Religion, Heroism


You were on level 9 of the Dungeon.
You worshipped Okawaru.
Okawaru was pleased with you.
You visited 2 branches of the dungeon, and saw 10 of its levels.

You collected 382 gold pieces.

Inventory:

Hand Weapons
 G - a +1 flail (weapon)
Missiles
 k - 6 datura-tipped darts
 o - 7 boomerangs
 s - 5 atropa-tipped darts
 x - 20 poisoned darts (quivered)
Armour
 a - a +0 pair of gloves (worn)
 b - a +0 scale mail (worn)
 c - a +0 buckler (worn)
 e - a +0 tower shield
 r - a +0 helmet (worn)
Jewellery
 i - a ring of protection from fire
 H - an amulet of reflection
Wands
 w - a wand of polymorph (3)
 z - a wand of flame (26)
 B - a wand of digging (6)
Scrolls
 h - 2 scrolls of enchant armour {unknown}
 j - a scroll of vulnerability {unknown}
 m - a scroll of poison {unknown}
 p - 4 scrolls of teleportation {unknown}
 q - 2 scrolls of fear {unknown}
 v - 8 scrolls of identify {unknown}
 y - 2 scrolls of noise {unknown}
 A - 3 scrolls of immolation {unknown}
 C - 2 scrolls of fog {unknown}
 E - 2 scrolls of amnesia {unknown}
 F - a scroll of revelation {unknown}
Potions
 d - a potion of might
 f - 6 potions of heal wounds {unknown}
 g - 10 potions of curing {unknown}
 l - 2 potions of ambrosia {unknown}
 n - 3 potions of degeneration {unknown}
 t - 2 potions of attraction {unknown}
 u - a potion of enlightenment {unknown}
 D - 4 potions of brilliance {unknown}


   Skills:
 + Level 6.4 Fighting
 + Level 8.2 Maces & Flails
 + Level 0.2 Throwing
 + Level 7.0 Armour
 + Level 3.2 Dodging
 + Level 0.6 Stealth
 + Level 5.2 Shields


You had 8 spell levels left.
You didn't know any spells.
Your spell library contained the following spells:

 Spells                   Type           Power      Damage    Failure   Level
 Sting                    Tmut/Pois      0%         1d3       71%         1
 Blink                    Tloc           0%         N/A       85%         2
 Ensorcelled Hibernation  Hex/Ice        0%         N/A       85%         2
 Poisonous Vapours        Pois/Air       0%         N/A       85%         2
 Ignite Poison            Fire/Tmut/Pois 0%         N/A       97%         3
 Volatile Blastmotes      Fire/Tloc      0%         2d10      97%         3
 Anguish                  Hex/Necr       0%         N/A       100%        4
 Fulminant Prism          Conj/Hex       0%         3d5       100%        4
 Iskenderun's Mystic Bla  Conj/Tloc      0%         2d3       100%        4
 Manifold Assault         Tloc           0%         N/A       100%        4
 Olgreb's Toxic Radiance  Pois           0%         N/A       100%        4
 Passage of Golubria      Tloc           0%         N/A       100%        4
 Freezing Cloud           Conj/Ice/Air   0%         6-21      100%        5
 Yara's Violent Unravell  Hex/Tmut       0%         3d3       100%        5
 Cigotuvi's Dreadful Rot  Necr/Pois/Air  Unusable   N/A       N/A         2
 Tukima's Dance           Hex            Unusable   N/A       N/A         3

Dungeon Overview and Level Annotations

Branches:
Dungeon (9/15)             Temple (1/1) D:5            Lair (0/5) D:8
    Orc: D:9-12

Altars:
Ashenzari
Cheibriados
Dithmenos
Elyvilon
Fedhas
Gozag
Hepliaklqana
Kikubaaqudgha
Makhleb
Okawaru
Qazlal
Ru
Sif Muna
Uskayaw
Vehumet
Wu Jian
Xom
Yredelemnul
Zin
The Shining One

Shops:
D:1 [   D:2 [   D:3 *


Innate Abilities, Weirdness & Mutations

You are immune to sickness and miasma.
Your stone body is resilient. (AC +6)
You are immune to poison.
You resist negative energy. (rN+)
You are resistant to electric shocks. (rElec)
You are resistant to unholy torment.
You are immune to petrification.


Message History

You are too injured to fight recklessly!
You are too injured to fight recklessly!
You are too injured to fight recklessly!
You are too injured to fight recklessly!
You are too injured to fight recklessly!
You are too injured to fight recklessly!
You are too injured to fight recklessly!
You sock the wyvern!
The wyvern is almost dead.
You block the wyvern's attack. The wyvern closely misses you.
You hit the wyvern.
You kill the wyvern!
Okawaru accepts your kill.
The centaur wields a +0 orcbow.
The centaur shoots an arrow.
The arrow hits you!
* * * LOW HITPOINT WARNING * * *
The basilisk gazes at you.
You are unaffected.
Your Armour skill increases to level 7!
The centaur unwields a +0 orcbow.
The centaur closely misses you. You block the centaur's attack.
The basilisk barely misses you. The centaur closely misses you.
The centaur barely misses you.
You sock the centaur!
The centaur is heavily wounded.
You block the centaur's attack. x2; The basilisk barely misses you.
You barely miss the centaur.
The centaur is moderately wounded.
The centaur barely misses you.
The centaur kicks you but does no damage.
The basilisk hisses menacingly.
You block the basilisk's attack. The centaur closely misses you.
The centaur kicks you.
* * * LOW HITPOINT WARNING * * *
You hit the centaur.
The centaur is heavily wounded.
The centaur hits you.
* * * LOW HITPOINT WARNING * * *
The centaur kicks you but does no damage.
The basilisk bites you!
You die...

.........## ..........
### .......... ##.#
.........####..#
...............##
................#
...............o#
..............lc#
.........######@#
............# #.#
.............##.#
.........##c..#.######
#....#..## #..#......#
#.##.#..# o.#......#
#. ..#... .######.# #
##. ##......#
##.......#


You could see a basilisk, a centaur and an orc priest.

Vanquished Creatures
  Sigmund (D:4)
  A wyvern (D:9)
  Menkaure (D:4)
  A water moccasin (D:7)
  An ice beast (D:6)
  A sky beast (D:7)
  A black bear (D:7)
  A centaur (D:9)
  2 ogres
  A phantom (D:6)
  2 kobold brigands
  A bullfrog (D:8)
  2 scorpions (D:5)
  3 wights (D:7)
  A crimson imp (D:7)
  A jelly (D:4)
  A gnoll bouda (D:7)
  3 hounds
  An orc priest (D:3)
  Jessica (D:2)
  2 iguanas
  Natasha (thrice) (D:3)
  2 orc wizards (D:5)
  Robin (D:2)
  9 gnolls
  8 adders
  2 ufetubi (D:6)
  2 worms (D:2)
  3 dart slugs
  25 orcs
  3 bats
  6 endoplasms
  4 giant cockroaches (D:1)
  17 goblins
  12 hobgoblins
  3 jackals (D:2)
  24 kobolds
  A quokka (D:2)
  8 ball pythons
  6 rats
168 creatures vanquished.

Notes
Turn   | Place    | Note
-------+----------+-------------------------------------------
     0 | D:1      | AdnanSaban the Gargoyle Fighter began the quest for the
                  | Orb.
     0 | D:1      | Reached XP level 1. HP: 14/14 MP: 1/1
   121 | D:1      | Reached XP level 2. HP: 19/19 MP: 2/2
   285 | D:1      | Reached XP level 3. HP: 20/24 MP: 3/3
   415 | D:1      | Found Cuimp's Antique Armour Emporium.
   611 | D:2      | Found a faded altar of an unknown god.
  1148 | D:2      | Reached skill level 3 in Maces & Flails
  1193 | D:2      | Found Soddol's Antique Armour Boutique.
  1278 | D:2      | Reached XP level 4. HP: 29/29 MP: 4/4
  1424 | D:2      | Noticed Jessica
  1446 | D:2      | Killed Jessica
  1528 | D:3      | Noticed Robin
  1584 | D:2      | Killed Robin
  1585 | D:2      | Reached XP level 5. HP: 23/33 MP: 5/5
  1631 | D:3      | Noticed Natasha
  1642 | D:3      | Killed Natasha
  1643 | D:3      | Reached skill level 4 in Maces & Flails
  1789 | D:3      | Noticed Natasha
  1798 | D:3      | Killed Natasha
  1851 | D:3      | Reached skill level 1 in Dodging
  1864 | D:3      | Noticed Natasha
  1869 | D:3      | Killed Natasha
  1870 | D:3      | Reached XP level 6. HP: 15/39 MP: 6/6
  1986 | D:3      | Found Foteodu's General Store.
  2602 | D:4      | Noticed Menkaure
  2610 | D:4      | Killed Menkaure
  2611 | D:4      | Reached skill level 5 in Maces & Flails
  2611 | D:4      | Reached XP level 7. HP: 36/44 MP: 7/7
  2702 | D:4      | Noticed Sigmund
  2715 | D:4      | Killed Sigmund
  2722 | D:4      | Reached skill level 5 in Armour
  3252 | D:4      | Found a shimmering blue altar of Sif Muna.
  3363 | D:4      | Found a basalt altar of Yredelemnul.
  3567 | D:5      | Entered Level 5 of the Dungeon
  3671 | D:5      | Reached skill level 6 in Maces & Flails
  3701 | D:5      | Found a broken altar of Ashenzari.
  4136 | D:4      | Reached skill level 5 in Fighting
  4136 | D:4      | Reached XP level 8. HP: 49/49 MP: 8/8
  4574 | D:5      | Found a staircase to the Ecumenical Temple.
  4917 | Temple   | Entered the Ecumenical Temple
  4926 | Temple   | Became a worshipper of Warmaster Okawaru
  5215 | D:6      | Reached skill level 7 in Maces & Flails
  5306 | D:6      | Found a blossoming altar of Fedhas.
  5739 | D:6      | Found a snail-covered altar of Cheibriados.
  6113 | D:7      | Found a burning altar of Makhleb.
  6150 | D:7      | Reached * piety under Okawaru
  6251 | D:7      | Reached XP level 9. HP: 49/55 MP: 9/9
  6623 | D:8      | Noticed a death yak
  6625 | D:8      | Noticed a death yak
  6811 | D:8      | Reached skill level 5 in Shields
  6838 | D:8      | Reached skill level 8 in Maces & Flails
  6931 | D:8      | Noticed a death yak
  6931 | D:8      | Noticed a death yak
  6932 | D:8      | Noticed a death yak
  6932 | D:8      | Noticed a death yak
  6940 | D:8      | Found a staircase to the Lair.
  7047 | D:9      | Reached ** piety under Okawaru
  7124 | D:9      | Slain by a basilisk

Illustrated notes

Levels and vault maps discovered:
D:1:      lightli_arrival_isolated_outpost, layout_rooms, serial_shops, shop,
          minmay_misc_feat_plants
D:2:      layout_loops_corners, shapermc_ecumenical_altar_pompeii, serial_shops,
          nicolae_shop_rolling_square, minmay_split_cup_large, uniq_jessica
D:3:      layout_loops_ring, serial_shops, nicolae_shop_real_fake_doors,
          uniq_natasha, uniq_robin
D:4:      corexii_shack_village, layout_layer_cave, lemuel_tele_altar,
          overflow_temple_1_default, hex_large, chequers_serial_rivers_micro_d,
          glass_columns_b, minivault_26, uniq_menkaure, uniq_sigmund
D:5:      layout_basic, lemuel_round_altar, temple_pool_b
D:6:      layout_basic, kennysheep_mini_moat, lemuel_coloured_pillars_altar,
          dk_noncrumbling_2, hex_intersection
D:7:      layout_basic, makhleb_grotto_becter
D:8:      layout_rooms, trog_antimagical, nemelex_spade_bored_becter,
          dpeg_lair_monsters, serial_shops, nicolae_shop_hallway_plus
D:9:      minmay_four_partial_circles, layout_stronghold
Temple:   eino_temple_lava

Skill      XL: |  1  2  3  4  5  6  7  8  9 |
---------------+----------------------------+-----
Maces & Flails | 3 4 5 6 7 8 |  8.2
Fighting       | 4 5 6 |  6.4
Armour         | 4 5 6 7 |  7.0
Dodging        | 1 2 3 |  3.2
Shields        | 4 5 |  5.2
Throwing       | |  0.2
Stealth        | |  0.6

Action                     |  1- 3 |  4- 6 |  7- 9 || total
---------------------------+-------+-------+-------++-------
  Melee: Flail             |   116 |   166 |   410 ||   692
  Throw: Dart              |       |       |     5 ||     5
 Armour: Scale mail        |    56 |   115 |   289 ||   460
  Dodge: Dodged            |    57 |    85 |   251 ||   393
  Block: Buckler           |    28 |    40 |    90 ||   158

Table legend: (Time is in decaauts)
 A = Elapsed time spent in this place.
 B = Non-inter-level travel time spent in this place.
 C = Inter-level travel time spent in this place.
 D = Time resting spent in this place.
 E = Time spent auto-exploring this place.
 F = Levels seen in this place.
 G = Mean time per level.
                   A        B        C        D        E       F      G
               +--------+--------+--------+--------+--------+-----+--------+
         Total |   7249 |   6930 |    319 |    445 |   5008 |  10 |  724.9 |
       Dungeon |   7230 |   6919 |    311 |    445 |   5008 |   9 |  803.3 |
        Temple |     18 |     10 |      8 |      0 |      0 |   1 |   18.0 |
               +--------+--------+--------+--------+--------+-----+--------+

Top non-repeatable levels by time:
     D:4: 1275 daAuts
     D:2: 1116 daAuts
     D:5: 1058 daAuts
     D:3: 1052 daAuts
     D:6: 966 daAuts
     D:7: 816 daAuts
     D:1: 562 daAuts
     D:8: 202 daAuts
     D:9: 180 daAuts
  Temple: 18 daAuts
